 Dungeon Crawl Stone Soup version 0.28.0-53-g5a82cb258f (webtiles) character file.

Game seed: 17182584760158631240

1160 DearestLeader the Gusty (level 8, -4/58 HPs)
             Began as a Gnoll Wanderer on June 7, 2022.
             Was a Follower of Makhleb.
             Slain by a killer bee zombie (6 damage)
             ... on level 6 of the Dungeon.
             The game lasted 00:10:53 (5890 turns).

DearestLeader the Gusty (Gnoll Wanderer)            Turns: 5890, Time: 00:10:54

Health: -4/58      AC:  4    Str: 18    XL:     8   Next: 39%
Magic:  14/14      EV: 12    Int: 20    God:    Makhleb [*.....]
Gold:   246        SH:  0    Dex: 14    Spells: 8/15 levels left

rFire   + . .      SeeInvis .   f - +8 whip of Kyidaese {freeze, Contam rC+ rN+ Will+}
rCold   + + .      Faith    .   (no shield)
rNeg    + + .      Spirit   .   d - +0 leather armour
rPois   +          Reflect  .   (no helmet)
rElec   +          Harm     .   (no cloak)
rCorr   +          Rampage  .   l - +0 pair of gloves
Will    +....                   (no boots)
Stlth   +.........              j - amulet of magic regeneration
HPRegen 0.19/turn               q - +6 ring of strength
MPRegen 0.54/turn               y - ring "Fotoxzut" {rN+ Int+6 Dex+3 Stlth-}

@: resistant, flying
A: fangs 1, strong nose, distributed training
a: Renounce Religion


You were on level 6 of the Dungeon.
You worshipped Makhleb.
Makhleb was aware of your devotion.
You visited 1 branch of the dungeon, and saw 6 of its levels.

You collected 246 gold pieces.

Inventory:

Hand Weapons
 a - a +0 falchion
 f - the +8 whip of Kyidaese (weapon) {freeze, Contam rC+ rN+ Will+}
   (You found it on level 2 of the Dungeon)

   It freezes those it strikes, dealing additional cold damage.
   It can also slow down cold-blooded creatures.
   rC:        It protects you from cold.
   rN:        It protects you from negative energy.
   Contam:    It causes magical contamination when unequipped.
   Will:      It increases your willpower.
 o - a +1 falchion of electrocution
 w - the +3 war axe of Zengum {venom, Dex+6}
   (You found it on level 5 of the Dungeon)

   It poisons the flesh of those it strikes.
   Dex:       It affects your dexterity (+6).
Armour
 c - a +0 robe
 d - a +0 leather armour (worn)
 l - a +0 pair of gloves (worn)
Jewellery
 h - an amulet of regeneration
 j - an amulet of magic regeneration (around neck)
 q - a +6 ring of strength (left hand)
 y - the ring "Fotoxzut" (right hand) {rN+ Int+6 Dex+3 Stlth-}
   (You found it on level 5 of the Dungeon)

   [ring of intelligence]

   Int:       It affects your intelligence (+6).
   Dex:       It affects your dexterity (+3).
   rN:        It protects you from negative energy.
   Stlth:     It makes you less stealthy.
Wands
 b - a wand of polymorph (12)
 r - a wand of paralysis (11)
Scrolls
 e - 2 scrolls of amnesia {unknown}
 g - a scroll of identify {unknown}
 m - 3 scrolls of enchant weapon {unknown}
 n - 2 scrolls of teleportation {unknown}
 t - a scroll of torment {unknown}
 v - a scroll of immolation {unknown}
 B - a scroll of fear {unknown}
 C - a scroll of blinking {unknown}
Potions
 i - a potion of flight
 s - a potion of heal wounds {unknown}
 u - a potion of attraction {unknown}
 x - a potion of haste {unknown}
 z - a potion of brilliance {unknown}
 A - a potion of lignification {unknown}


   Skills:
 + Level 3.2 Fighting
 + Level 3.2 Short Blades
 + Level 4.2 Long Blades
 + Level 3.2 Axes
 + Level 3.2 Maces & Flails
 + Level 3.2 Polearms
 + Level 3.2 Staves
 + Level 3.2 Slings
 + Level 3.2 Bows
 + Level 3.2 Crossbows
 + Level 3.2 Throwing
 + Level 4.2 Armour
 + Level 3.2 Dodging
 + Level 3.2 Stealth
 + Level 3.2 Shields
 + Level 3.2 Unarmed Combat
 + Level 4.3 Spellcasting
 + Level 2.6 Conjurations
 + Level 2.6 Hexes
 + Level 2.6 Summonings
 + Level 2.6 Necromancy
 + Level 2.6 Translocations
 + Level 2.6 Transmutations
 + Level 2.6 Fire Magic
 + Level 2.6 Ice Magic
 + Level 7.6 Air Magic
 + Level 2.6 Earth Magic
 + Level 2.6 Poison Magic
 + Level 3.5 Invocations
 + Level 7.3 Evocations


You had 8 spell levels left.
You knew the following spells:

 Your Spells              Type           Power      Damage    Failure   Level
a - Shock                 Conj/Air       96%        1d9       1%          1
b - Swiftness             Air            34%        N/A       1%          3
c - Frozen Ramparts       Ice            28%        1d4       16%         3

Your spell library contained the following spells:

 Spells                   Type           Power      Damage    Failure   Level
 Static Discharge         Conj/Air       24%        N/A       2%          2
 Ensorcelled Hibernation  Hex/Ice        28%        N/A       8%          2
 Passwall                 Tmut/Erth      11%        N/A       8%          2
 Ozocubu's Armour         Ice            14%        N/A       16%         3
 Summon Lightning Spire   Summ/Air       24%        N/A       19%         4
 Dispel Undead            Necr           14%        3d10      45%         4
 Ice Form                 Ice/Tmut       14%        N/A       45%         4
 Sticky Flame             Conj/Fire      14%        2d4       45%         4
 Summon Ice Beast         Ice/Summ       14%        N/A       45%         4
 Metabolic Englaciation   Hex/Ice        7%         N/A       80%         5
 Simulacrum               Ice/Necr       7%         N/A       100%        6


Dungeon Overview and Level Annotations

Branches:
Dungeon (6/15)
 Temple: D:4-7

Altars:
Hepliaklqana
Makhleb
Yredelemnul

Shops:
D:4 !   D:6 (


Innate Abilities, Weirdness & Mutations

You have very sharp teeth.
Your uncanny sense of smell can sniff out nearby items.
Your experience applies equally to all skills.


Message History

The killer bee zombie hits you. The ice beast barely misses you.
The killer bee zombie barely misses you.
You hit the ice beast.
You bite the ice beast, but do no damage.
The ice beast is heavily wounded.
The killer bee zombie barely misses you.
The ice beast hits you but does no damage.
The killer bee zombie barely misses you.
You hit the ice beast.
The ice beast is severely wounded.
The killer bee zombie closely misses you.
The ice beast hits you. The ice beast freezes you! You resist.
You whack the ice beast!
You kill the ice beast!
Makhleb accepts your kill.
The killer bee zombie barely misses you. x2
The killer bee zombie hits you. The killer bee zombie hits you.
* * * LOW HITPOINT WARNING * * *
You hit the killer bee zombie. Your bite misses the killer bee zombie.
The killer bee zombie is lightly damaged.
The killer bee zombie hits you.
* * * LOW HITPOINT WARNING * * *
It was a potion of flight.
You feel very buoyant.
You fly up into the air.
The killer bee zombie barely misses you.
The killer bee zombie hits you.
* * * LOW HITPOINT WARNING * * *
Okay, then.
Okay, then.
It was a potion of resistance.
You feel protected.
The killer bee zombie barely misses you.
The killer bee zombie hits you.
* * * LOW HITPOINT WARNING * * *
It was a potion of magic.
Magic courses through your body.
The killer bee zombie barely misses you.
The killer bee zombie hits you.
You die...

#.# ##+ +.# +.#
#.# #.# #.#
#@+##+.# #Z#(.#.#
+.#..#.# ##'..'.#
....Z..#..#.##
.......#..#..#
###+###+###..#
.........########
###.............#


You could see a killer bee zombie.

Vanquished Creatures
  Sigmund (D:4)
  A water moccasin (D:5)
  2 ice beasts
  A phantom (D:5)
  A water moccasin zombie (D:5)
  A centaur zombie (D:6)
  A bullfrog zombie (D:5)
  2 hounds
  A jelly (D:5)
  An orc priest (D:5)
  2 iguanas
  A scorpion zombie (D:5)
  3 orc wizards
  A hound zombie (D:3)
  2 hound skeletons (D:4)
  7 adders
  An adder zombie (D:3)
  3 worms
  6 dart slugs
  The ghost of Descartes the Sneak, a weakling SpDe (D:3)
  17 orcs
  3 ball pythons
  8 bats
  9 endoplasms
  4 giant cockroaches
  9 goblins
  7 hobgoblins
  7 jackals (D:2)
  8 kobolds
  2 quokkas
  3 frilled lizards
  9 rats
125 creatures vanquished.

Notes
Turn   | Place    | Note
-------+----------+-------------------------------------------
     0 | D:1      | DearestLeader the Gnoll Wanderer began the quest for the
                  | Orb.
     0 | D:1      | DearestLeader set off with the following items: a +0
                  | falchion, a wand of polymorph (5), a +0 robe; and the
                  | following spell memorised: Shock; and the following spells
                  | available to memorise: Swiftness, Summon Lightning Spire
     0 | D:1      | Reached XP level 1. HP: 13/13 MP: 4/4
   262 | D:1      | Reached XP level 2. HP: 19/19 MP: 3/5
   801 | D:1      | Reached XP level 3. HP: 25/25 MP: 5/7
   805 | D:1      | Learned a level 3 spell: Swiftness
  1071 | D:1      | Reached skill level 1 in Invocations
  1482 | D:2      | Reached skill level 1 in Fighting
  1482 | D:2      | Reached skill level 1 in Short Blades
  1482 | D:2      | Reached skill level 1 in Axes
  1482 | D:2      | Reached skill level 1 in Maces & Flails
  1482 | D:2      | Reached skill level 1 in Polearms
  1482 | D:2      | Reached skill level 1 in Staves
  1482 | D:2      | Reached skill level 1 in Slings
  1482 | D:2      | Reached skill level 1 in Bows
  1482 | D:2      | Reached skill level 1 in Crossbows
  1482 | D:2      | Reached skill level 1 in Throwing
  1482 | D:2      | Reached skill level 1 in Dodging
  1482 | D:2      | Reached skill level 1 in Stealth
  1482 | D:2      | Reached skill level 1 in Shields
  1482 | D:2      | Reached skill level 1 in Unarmed Combat
  1629 | D:2      | Reached XP level 4. HP: 32/32 MP: 4/8
  2237 | D:2      | Reached skill level 1 in Conjurations
  2237 | D:2      | Reached skill level 1 in Hexes
  2237 | D:2      | Reached skill level 1 in Summonings
  2237 | D:2      | Reached skill level 1 in Necromancy
  2237 | D:2      | Reached skill level 1 in Translocations
  2237 | D:2      | Reached skill level 1 in Transmutations
  2237 | D:2      | Reached skill level 1 in Fire Magic
  2237 | D:2      | Reached skill level 1 in Ice Magic
  2237 | D:2      | Reached skill level 1 in Earth Magic
  2237 | D:2      | Reached skill level 1 in Poison Magic
  2688 | D:2      | Identified the +8 whip of Kyidaese {freeze, Contam rC+ rN+
                  | Will+}
  2944 | D:3      | Reached XP level 5. HP: 24/37 MP: 9/9
  3138 | D:3      | Found a runed translucent gate.
  3138 | D:3      | Found a runed translucent gate.
  3138 | D:3      | Found a runed translucent gate.
  3138 | D:3      | Noticed Descartes's ghost (weakling SpDe)
  3146 | D:3      | Found a basalt altar of Yredelemnul.
  3199 | D:3      | Noticed an ice beast
  3209 | D:3      | Killed an ice beast
  3210 | D:3      | Reached XP level 6. HP: 41/44 MP: 9/11
  3427 | D:3      | Found a hazy altar of Hepliaklqana.
  3442 | D:3      | Found a burning altar of Makhleb.
  3446 | D:3      | Became a worshipper of Makhleb the Destroyer
  3585 | D:3      | Killed Descartes's ghost
  3801 | D:4      | Found Xyhei's Distillery.
  4042 | D:4      | Noticed Sigmund
  4066 | D:4      | Learned a level 3 spell: Frozen Ramparts
  4109 | D:4      | Killed Sigmund
  4110 | D:4      | Reached XP level 7. HP: 46/51 MP: 2/12
  4446 | D:5      | Entered Level 5 of the Dungeon
  4741 | D:5      | Reached * piety under Makhleb
  4835 | D:5      | Identified the +3 war axe of Zengum {venom, Dex+6}
  4855 | D:5      | Reached XP level 8. HP: 38/57 MP: 14/14
  5526 | D:5      | Identified the ring "Fotoxzut" {rN+ Int+6 Dex+3 Stlth-}
  5778 | D:6      | Found Utoggat's Antique Weapon Boutique.
  5889 | D:6      | HP: 2/58 [killer bee zombie (4)]
  5890 | D:6      | Slain by a killer bee zombie

Illustrated notes

Levels and vault maps discovered:
D:1:      evilmike_arrival_fibonacci_small, layout_rooms, minivault_14
D:2:      layout_loops_corners
D:3:      layout_rooms, nicolae_yredelemnul_ghost_church,
          mainiacjoe_overflow_big_doors
D:4:      layout_basic, serial_shops, nicolae_take_the_stairs, uniq_sigmund
D:5:      layout_layer_cave
D:6:      layout_rooms, mainiacjoe_overflow_24_doors, temple_green,
          serial_shops, nicolae_shop_trees, wad_rectangle_vault, uniq_menkaure

Skill      XL: |  1  2  3  4  5  6  7  8 |
---------------+-------------------------+-----
Invocations    | 1 2 3 |  3.5
Fighting       | 1 2 3 |  3.2
Short Blades   | 1 2 3 |  3.2
Axes           | 1 2 3 |  3.2
Maces & Flails | 1 2 3 |  3.2
Polearms       | 1 2 3 |  3.2
Staves         | 1 2 3 |  3.2
Slings         | 1 2 3 |  3.2
Bows           | 1 2 3 |  3.2
Crossbows      | 1 2 3 |  3.2
Throwing       | 1 2 3 |  3.2
Dodging        | 1 2 3 |  3.2
Stealth        | 1 2 3 |  3.2
Shields        | 1 2 3 |  3.2
Unarmed Combat | 1 2 3 |  3.2
Spellcasting   | 3 4 |  4.3
Conjurations   | 1 2 |  2.6
Hexes          | 1 2 |  2.6
Summonings     | 1 2 |  2.6
Necromancy     | 1 2 |  2.6
Translocations | 1 2 |  2.6
Transmutations | 1 2 |  2.6
Fire Magic     | 1 2 |  2.6
Ice Magic      | 1 2 |  2.6
Earth Magic    | 1 2 |  2.6
Poison Magic   | 1 2 |  2.6
Long Blades    | 3 4 |  4.2
Armour         | 3 4 |  4.2
Evocations     | 7 |  7.3
Air Magic      | |  7.6

Action                   |  1- 3 |  4- 6 |  7- 9 || total
-------------------------+-------+-------+-------++-------
Melee: Falchion          |    63 |    34 |       ||    97
       Bite              |     3 |     8 |    10 ||    21
       Punch             |     1 |     2 |       ||     3
       Whip              |       |   104 |    78 ||   182
 Cast: Shock             |    50 |    50 |     4 ||   104
       Frozen Ramparts   |       |     1 |       ||     1
  Use: Potion            |       |       |     3 ||     3
 Stab: Distracted        |       |     1 |     1 ||     2
       Sleeping          |       |     1 |       ||     1
Armor: Leather armour    |    44 |    31 |    13 ||    88
Dodge: Dodged            |    78 |    65 |    52 ||   195
